 Dungeon Crawl Stone Soup version 0.22-a0-109-gbeb7240 (webtiles) character file.

114 Kavrick the Slasher (level 4, 0/35 HPs)
             Began as a Demonspawn Monk on Jan 26, 2018.
             Slain by an orc
             ... wielding a +0 dagger
              (1 damage)
             ... on level 3 of the Dungeon.
             The game lasted 00:02:28 (2309 turns).

Kavrick the Slasher (Demonspawn Monk)               Turns: 2309, Time: 00:02:29

Health: 0/35       AC:  6    Str: 12    XL:     4   Next: 67%
Magic:  4/4        EV: 11    Int: 12    God:
Gold:   92         SH:  0    Dex: 15    Spells: 3/3 levels left

rFire    . . .     SeeInvis .   a - +0 falchion
rCold    . . .     Gourm    .   (no shield)
rNeg     . . .     Faith    .   f - +0 scale mail
rPois    .         Spirit   .   (helmet restricted)
rElec    .         Reflect  .   (no cloak)
rCorr    .         Harm     .   (no gloves)
MR       .....                  (no boots)
Stlth    +.........             (no amulet)
HPRegen  0.11/turn              (no ring)
MPRegen  0.09/turn              (no ring)

@: no status effects
A: antennae 1, sturdy frame 1
a: no special abilities


You were on level 3 of the Dungeon.
You were not hungry.

You visited 1 branch of the dungeon, and saw 3 of its levels.

You collected 92 gold pieces.

Inventory:

Hand Weapons
 a - a +0 falchion (weapon)
Armour
 b - a +0 robe
 f - a +0 scale mail (worn)
Jewellery
 g - a +1 ring of evasion {unknown}
Scrolls
 e - 2 scrolls of fog {unknown}
 h - 2 scrolls of teleportation {unknown}
 i - a scroll of amnesia {unknown}
 k - 3 scrolls of enchant armour {unknown}
 l - 2 scrolls of identify {unknown}
Potions
 d - a potion of magic {unknown}
 j - 2 potions of curing {unknown}
 m - a potion of degeneration {unknown}
 o - a potion of heal wounds {unknown}
Comestibles
 c - 6 rations


   Skills:
 + Level 3.5 Fighting
 * Level 3.7 Long Blades
 + Level 1.5 Armour
 - Level 2.6 Dodging
 + Level 2.6 Stealth


You had 3 spell levels left.
You didn't know any spells.

Dungeon Overview and Level Annotations

Branches:
Dungeon (3/15)

Altars:
Kikubaaqudgha


Innate Abilities, Weirdness & Mutations

You have a pair of small antennae on your head.
Your movements are slightly less encumbered by armour. (ER -2)


Message History

The orc closely misses you.
You riposte.
You hit the orc but do no damage.
The orc is severely wounded.
The orc hits you.
* * * LOW HITPOINT WARNING * * *
The orc completely misses you.
You closely miss the orc.
The orc is severely wounded.
The orc barely misses you. The orc hits you but does no damage.
The orc hits you with a mace.
* * * LOW HITPOINT WARNING * * *
The orc hits you but does no damage.
You hit the orc but do no damage.
The orc is severely wounded.
The orc hits you with a flail.
* * * LOW HITPOINT WARNING * * *
The orc hits you but does no damage. The orc hits you with a mace.
* * * LOW HITPOINT WARNING * * *
The orc hits you but does no damage. The orc hits you with a dagger.
You die...

#####.. .......
##### .......
##...## ......?
##.....##
......###.o.....#
#.....†.oo@...#
#+##....w#..o....#
........†##.....##
.......<(.##...##
.?.........#####
##'#+##.........
#..........)...
#.....w....#...
#..........#.#.


You could see a worm and 4 orcs.

Vanquished Creatures
  7 adders (D:2)
  A worm (D:3)
  4 bats
  3 giant cockroaches
  3 goblins
  13 hobgoblins
  2 jackals (D:2)
  6 kobolds
  6 frilled lizards
  3 rats
48 creatures vanquished.

Notes
Turn   | Place    | Note
-------+----------+-------------------------------------------
     0 | D:1      | Kavrick the Demonspawn Monk began the quest for the Orb.
     0 | D:1      | Reached XP level 1. HP: 18/18 MP: 1/1
   330 | D:1      | Gained mutation: Your movements are slightly less encumbered by armour. (ER -2) [demonic ancestry]
   330 | D:1      | Reached XP level 2. HP: 22/24 MP: 2/2
   987 | D:2      | Gained mutation: You have a pair of small antennae on your head. [demonic ancestry]
   987 | D:2      | Reached XP level 3. HP: 29/29 MP: 3/3
  1034 | D:2      | Reached skill level 1 in Armour
  1449 | D:2      | Reached XP level 4. HP: 20/35 MP: 4/4
  2240 | D:3      | Found an ancient bone altar of Kikubaaqudgha.
  2307 | D:3      | HP: 1/35 [orc/mace (2)]
  2309 | D:3      | Slain by an orc

Vault maps used:
D:1:      saegor_arrival_simple_b
D:2:      first_ration
D:3:      lemuel_round_altar

Skill      XL: |  1  2  3 |
---------------+----------+-----
Stealth        | 2 |  2.6
Long Blades    | 3 |  3.7
Armour         | 1 |  1.5
Fighting       | |  3.5
Dodging        | |  2.6

Action                   |  1- 3 |  4- 6 || total
-------------------------+-------+-------++-------
Melee: Falchion          |   107 |    84 ||   191
  Eat: Chunk             |     2 |     3 ||     5
Armor: Robe              |    15 |       ||    15
       Scale mail        |     6 |    51 ||    57
Dodge: Dodged            |    80 |    83 ||   163
       Rpst.: Falchion   |    30 |    26 ||    56

Table legend:
 A = Spawn XP
 B = Non-spawn XP
 C = Spawn XP percentage of total XP
 D = Spawn monster count
 E = Non-spawn monster count
 F = Spawn count percentage of total count
 G = Total turns spent on level
                    A         B        C        D         E        F      G
               +---------+---------+-------+---------+---------+-------+---------
         Total |       0 |     164 |   0.0 |       0 |      48 |   0.0 |  2309
               +---------+---------+-------+---------+---------+-------+---------
           D:1 |       0 |      29 |   0.0 |       0 |      17 |   0.0 |   665
           D:2 |       0 |     125 |   0.0 |       0 |      27 |   0.0 |  1564
           D:3 |       0 |      10 |   0.0 |       0 |       4 |   0.0 |    80
               +---------+---------+-------+---------+---------+-------+---------
